 Dungeon Crawl Stone Soup version 0.26-a0-466-g989023bd0d (webtiles) character file.

Game seed: 18206824984422890473

697 HoaS the Grappler (level 7, -1/40 HPs)
             Began as a Gargoyle Gladiator on July 31, 2020.
             Slain by a hound (2 damage)
             ... on level 4 of the Dungeon.
             The game lasted 00:10:08 (3912 turns).

HoaS the Grappler (Gargoyle Gladiator)              Turns: 3912, Time: 00:10:08

Health: -1/40      AC: 14    Str: 19    XL:     7   Next: 65%
Magic:  7/7        EV:  8    Int:  9    God:
Gold:   134        SH:  0    Dex: 11    Spells: 6/6 levels left

rFire    . . .     SeeInvis .     - Unarmed
rCold    . . .     Faith    .   (no shield)
rNeg     + . .     Spirit   .   a - +0 chain mail
rPois    ∞         Reflect  .   b - +0 helmet
rElec    +         Harm     .   p - scarf {repulsion}
rCorr    .                      g - +0 pair of gloves
MR       +....                  (no boots)
Stlth    ..........             (no amulet)
HPRegen  0.13/turn              j - ring of protection from magic
MPRegen  0.10/turn              (no ring)

@: repel missiles
A: negative energy resistance 1, electricity resistance, unbreathing,
petrification resistance, rot immunity, AC +4
a: no special abilities


You were on level 4 of the Dungeon.
You visited 1 branch of the dungeon, and saw 4 of its levels.
You also visited: Sewer.

You collected 134 gold pieces.

Inventory:

Missiles
 f - 32 poisoned darts (quivered)
Armour
 a - a +0 chain mail (worn)
 b - a +0 helmet (worn)
 g - a +0 pair of gloves (worn)
 p - a scarf of repulsion (worn)
Jewellery
 h - an uncursed ring of fire
 j - a ring of protection from magic (left hand)
Scrolls
 d - a scroll of teleportation
 k - a scroll of identify
 n - a scroll of blinking
Potions
 c - 3 potions of might {unknown}
 e - a potion of stabbing {unknown}
 i - 2 potions of lignification
 l - a potion of degeneration {unknown}
 m - 3 potions of curing {unknown}
 o - a potion of brilliance {unknown}
 r - a potion of heal wounds {unknown}


   Skills:
 - Level 2.1 Fighting
 - Level 1.7 Throwing
 - Level 2.4 Dodging
 * Level 8.7 Unarmed Combat


You had 6 spell levels left.
You didn't know any spells.
Your spell library was empty.

Dungeon Overview and Level Annotations

Branches:
Dungeon (4/15)              Sewer (visited)
 Temple: D:4-7

Altars:
Nemelex Xobeh


Innate Abilities, Weirdness & Mutations

You are resistant to torment.
Your stone body is resilient. (AC +4)
You are immune to poison.
You resist negative energy. (rN+)
You are resistant to electric shocks. (rElec)
You can survive without breathing.
You are immune to petrification.
You are immune to rotting.


Message History

The hound bites you but does no damage. The hound bites you but does no damage.
You see here 10 gold pieces.
The hound bites you but does no damage. The hound barely misses you.
The hound bites you but does no damage. The hound barely misses you. x2
The hound bites you but does no damage. The hound bites you.
* * * LOW HITPOINT WARNING * * *
The hound bites you but does no damage. The hound bites you but does no damage.
The hound stops to sniff the ground.
The hound bites you but does no damage. The hound bites you but does no damage.
The hound bites you.
* * * LOW HITPOINT WARNING * * *
The hound bites you but does no damage. The hound bites you.
You die...

#.### #.# #.# #.#######
#.......# #.#####.#####
####O###.......#
#########........#.###.#
#........@h...####.# #.#
#.#######......###.# #.#
#.# ###........# #.# #.#
##.####### #.#
#####.#### #.# #.#
#....<...# #.# #.#
#.###.##.# ##+## #.#
#.###.##.# ##...## ##.##
#.##..##.# ##.....##
#...#


You could see an ogre and a hound.

Vanquished Creatures
  Purgy (Sewer)
  An ogre (D:4)
  A scorpion (D:4)
  An orc priest (D:3)
  Terence (D:2)
  Jessica (D:2)
  Natasha (thrice) (D:2)
  2 worker ants
  11 adders
  3 gnolls
  A river rat (D:4)
  An ooze (D:3)
  An adder skeleton (D:2)
  6 worms
  A dart slug (D:3)
  2 leopard geckos
  14 orcs (D:3)
  4 ball pythons
  9 bats
  3 giant cockroaches
  4 goblins
  6 hobgoblins
  3 jackals (D:2)
  9 kobolds
  6 frilled lizards
  12 rats
107 creatures vanquished.

Notes
Turn   | Place    | Note
-------+----------+-------------------------------------------
     0 | D:1      | HoaS the Gargoyle Gladiator began the quest for the Orb.
     0 | D:1      | Reached XP level 1. HP: 12/12 MP: 1/1
    99 | D:1      | Reached XP level 2. HP: 4/17 MP: 2/2
   801 | D:1      | Reached skill level 4 in Unarmed Combat
  1048 | D:2      | Noticed Jessica
  1055 | D:2      | Killed Jessica
  1055 | D:2      | Reached XP level 3. HP: 21/21 MP: 3/3
  1060 | D:2      | Noticed Terence
  1091 | D:2      | Killed Terence
  1091 | D:2      | Reached skill level 5 in Unarmed Combat
  1091 | D:2      | Reached XP level 4. HP: 17/26 MP: 4/4
  1549 | D:2      | Reached XP level 5. HP: 30/30 MP: 5/5
  1726 | D:2      | Noticed Natasha
  1734 | D:2      | Killed Natasha
  1734 | D:2      | Reached skill level 6 in Unarmed Combat
  1909 | D:2      | Noticed Natasha
  1926 | D:2      | Killed Natasha
  1936 | D:2      | Noticed Natasha
  2105 | D:2      | Killed Natasha
  2134 | D:2      | Reached XP level 6. HP: 35/35 MP: 6/6
  2487 | D:3      | Found a sparkling altar of Nemelex Xobeh.
  2573 | D:3      | Reached skill level 7 in Unarmed Combat
  3294 | D:4      | Reached XP level 7. HP: 36/40 MP: 7/7
  3361 | D:4      | Reached skill level 8 in Unarmed Combat
  3505 | D:4      | Found a glowing drain.
  3510 | Sewer    | Entered a sewer
  3587 | Sewer    | Noticed Purgy
  3613 | Sewer    | Killed Purgy
  3908 | D:4      | HP: 1/40 [hound (4)]
  3912 | D:4      | Slain by a hound

Illustrated notes

Levels and vault maps discovered:
D:1:      lightli_arrival_statuegarden, layout_basic
D:2:      layout_rooms, uniq_natasha, uniq_jessica, uniq_terence
D:3:      layout_loops_corners, overflow_temple_1_default, dk_noncrumbling_3
D:4:      layout_loops_corners, nicolae_overflow_hidden_temple,
          grunt_temple_overflow_diamond, gammafunk_ghost_grave,
          lightli_sewer_entry_pipes

Skill      XL: |  1  2  3  4  5  6  7 |
---------------+----------------------+-----
Unarmed Combat | 4 5 6 7 8 |  8.7
Fighting       | |  2.1
Throwing       | |  1.7
Dodging        | |  2.4

Action                   |  1- 3 |  4- 6 |  7- 9 || total
-------------------------+-------+-------+-------++-------
Melee: Unarmed           |    89 |   260 |    84 ||   433
       Punch             |     2 |     4 |     1 ||     7
Throw: Dart              |     4 |       |     1 ||     5
       Throwing net      |     3 |       |     1 ||     4
  Use: Scroll            |     3 |     6 |     1 ||    10
 Stab: Held in net/web   |     1 |       |       ||     1
Armor: Leather armour    |    14 |       |       ||    14
       Ring mail         |    24 |     8 |       ||    32
       Chain mail        |       |   138 |    55 ||   193
       Skin              |       |     4 |       ||     4
Dodge: Dodged            |    46 |    93 |    37 ||   176
       Repelled          |       |     1 |       ||     1

Table legend: (Time is in decaauts)
 A = Elapsed time spent in this place.
 B = Non-inter-level travel time spent in this place.
 C = Inter-level travel time spent in this place.
 D = Time resting spent in this place.
 E = Time spent auto-exploring this place.
 F = Levels seen in this place.
 G = Mean time per level.
                   A        B        C        D        E       F      G
               +--------+--------+--------+--------+--------+-----+--------+
         Total |   3950 |   3862 |     88 |    864 |   1969 |   5 |  790.0 |
       Dungeon |   3650 |   3562 |     88 |    799 |   1819 |   4 |  912.5 |
         Sewer |    299 |    299 |      0 |     65 |    150 |   1 |  299.0 |
               +--------+--------+--------+--------+--------+-----+--------+

Top non-repeatable levels by time:
     D:1: 1291 daAuts
     D:3: 1081 daAuts
     D:2: 878 daAuts
     D:4: 399 daAuts
   Sewer: 299 daAuts
